 Dungeon Crawl Stone Soup version 0.29.1-13-g9f3cf754e1 (webtiles) character file.

Game seed: 13444736581422816894

63 Ast3rio the Grave Robber (level 3, -3/24 HPs)
             Began as a Vampire Necromancer on Feb 9, 2023.
             Was an Initiate of Ashenzari.
             Slain by an orc priest
             ... wielding a +2 whip of pain
              (4 damage)
             ... on level 4 of the Dungeon.
             The game lasted 00:29:43 (2937 turns).

Ast3rio the Grave Robber (Vampire Necromancer)      Turns: 2937, Time: 00:29:44

Health: -3/24      AC:  7    Str:  9    XL:     3   Next: 87%
Magic:  0/2        EV:  8    Int: 17    God:    Ashenzari [......]
Gold:   190        SH:  0    Dex: 14    Spells: 2/6 levels left

rFire   . . .      SeeInvis +   r - +2 short sword of Grandeur {antimagic, rPois SInv}
rCold   . . .      Faith    .   (no shield)
rNeg    . . .      Spirit   .   p - +0 scale mail
rPois   +          Reflect  .   q - +0 helmet
rElec   .          Harm     .   (no cloak)
rCorr   .          Rampage  .   (no gloves)
Will    .....                   (no boots)
Stlth   +.........              (no amulet)
HPRegen 0.28/turn               g - ring of wizardry
MPRegen 0.08/turn               (no ring)

@: healing quickly
A: alive, fangs 3, see invisible, vampiric 2
a: Exsanguinate, Renounce Religion, Curse Item


You were on level 4 of the Dungeon.
You worshipped Ashenzari.
Ashenzari was noncommittal.
You visited 1 branch of the dungeon, and saw 4 of its levels.

You collected 190 gold pieces.

Inventory:

Hand Weapons
 h - a +0 dagger
 r - the +2 short sword of Grandeur (weapon) {antimagic, rPois SInv}
   (You found it on level 2 of the Dungeon)

   It reduces the magical energy of the wielder, and disrupts the spells and
   magical abilities of those it strikes.
   Natural abilities and divine invocations are not affected.
   rPois:     It protects you from poison.
   SInv:      It lets you see invisible.
Armour
 a - a +0 robe
 p - a +0 scale mail (worn)
 q - a +0 helmet (worn)
Magical Staves
 x - a staff of air
Jewellery
 g - a ring of wizardry (left hand)
Scrolls
 c - 2 scrolls of identify {unknown}
 f - a scroll of teleportation {unknown}
 i - a scroll of fog {unknown}
 m - a scroll of brand weapon {unknown}
 n - a scroll of enchant weapon {unknown}
 o - a scroll of fear {unknown}
 t - 2 scrolls of immolation {unknown}
 u - a scroll of poison {unknown}
 y - a scroll of silence {unknown}
Potions
 b - a potion of magic
 d - a potion of flight {unknown}
 e - a potion of brilliance {unknown}
 j - 2 potions of attraction {unknown}
 k - a potion of haste {unknown}
 l - 2 potions of berserk rage {unknown}
 s - a potion of cancellation {unknown}
 v - a potion of lignification {unknown}
 w - a potion of invisibility {unknown}


   Skills:
 + Level 0.1 Fighting
 + Level 0.3 Short Blades
 + Level 0.2 Armour
 + Level 2.4 Dodging
 + Level 3.4 Stealth
 + Level 2.4 Spellcasting
 + Level 5.3 Necromancy


You had 2 spell levels left.
You knew the following spells:

 Your Spells              Type           Power      Damage    Failure   Level
a - Necrotise             Necr           80%        1d8       7%          1
b - Vampiric Draining     Necr           20%        2d7       21%         3

Your spell library contained the following spells:

 Spells                   Type           Power      Damage    Failure   Level
 Shock                    Conj/Air       8%         1d3       50%         1
 Ensorcelled Hibernation  Hex/Ice        4%         N/A       65%         2
 Passwall                 Tmut/Erth      1%         N/A       65%         2
 Animate Dead             Necr           20%        N/A       52%         4
 Swiftness                Air            2%         N/A       86%         3
 Agony                    Necr           20%        N/A       86%         5
 Airstrike                Air            1%         2d(1-17)  99%         4


Dungeon Overview and Level Annotations

Branches:
Dungeon (4/15)
 Temple: D:4-7

Altars:
Ashenzari
Kikubaaqudgha
Sif Muna

Shops:
D:2 *


Innate Abilities, Weirdness & Mutations

Your natural rate of healing is accelerated.
You have razor-sharp teeth.
You have supernaturally acute eyesight. (SInv)
You are afflicted with vampirism and can become a bat while bloodless.


Message History

The orc priest is wielding a +2 whip of pain.
The orc shouts!
The orc priest shouts!
The orc hits you but does no damage.
Casting: Necrotise (safe; 7% risk of failure)
Confirm with . or Enter, or press ? or * to list all spells.
Aiming: Necrotise (safe; 7% risk of failure)
Press: ? - help, Shift-Dir - straight line, f - orc priest
Aim: an orc priest, wielding a +2 whip of pain and wearing a +0 leather armour (chance to affect: 78%)
The orc priest barely resists.
The orc completely misses you.
Casting: Necrotise (safe; 7% risk of failure)
Confirm with . or Enter, or press ? or * to list all spells.
Aiming: Necrotise (safe; 7% risk of failure)
Press: ? - help, Shift-Dir - straight line, f/p - orc priest
Aim: an orc priest, wielding a +2 whip of pain and wearing a +0 leather armour (chance to affect: 78%)
The orc priest writhes in agony.
The orc priest barely misses you.
The orc hits you from afar with a +0 trident.
You barely miss the orc priest.
The orc priest is moderately wounded.
The orc hits you from afar with a +0 trident.
You barely miss the orc priest.
The orc priest is moderately wounded.
The orc priest hits you but does no damage.
You writhe in agony.
The orc hits you but does no damage.
You hit the orc.
The orc is almost dead.
The orc priest miscasts a cantrip.
The orc hits you but does no damage. The orc hits you with a +0 club.
You barely miss the orc. Your bite misses the orc.
The orc is almost dead.
The orc hits you from afar with a +0 trident!
* * * LOW HITPOINT WARNING * * *
The orc priest hits you with a +2 whip of pain.
* * * LOW HITPOINT WARNING * * *
The orc hits you with a +0 club.
* * * LOW HITPOINT WARNING * * *
You closely miss the orc priest.
The orc priest is moderately wounded.
The orc hits you but does no damage. The orc barely misses you.
The orc priest hits you with a +2 whip of pain.
You die...

#............. #.....
#............
#......#...........
#..... +...........
.... #.......... ##
#..##+#..........
..##..##.###....o###+#
......#....'....@o...#
......'....#.....#o..#
......#....#.....# ..#
......#....#.....# .#
#####'######...<.# #
##...........#
##..........#
#..........#
#..........#


You could see an orc priest and 2 orcs.

Vanquished Creatures
  2 adders
  An adder zombie (D:2)
  An orc (D:2)
  A ball python (D:1)
  3 endoplasms
  A giant cockroach (D:1)
  4 goblins
  6 hobgoblins
  2 jackals (D:1)
  5 quokkas
  A ball python skeleton (D:2)
  2 bats (D:2)
  A frilled lizard (D:1)
  A kobold (D:1)
  4 rats
35 creatures vanquished.

Notes
Turn   | Place    | Note
-------+----------+-------------------------------------------
     0 | D:1      | Ast3rio the Vampire Necromancer began the quest for the
                  | Orb.
     0 | D:1      | Reached XP level 1. HP: 13/13 MP: 3/3
   188 | D:1      | Reached XP level 2. HP: 14/19 MP: 0/5
   394 | D:1      | Reached skill level 5 in Necromancy
   869 | D:1      | Found a faded altar of an unknown god.
   877 | D:1      | Prayed at the altar of an unknown god.
   877 | D:1      | Became a worshipper of Ashenzari the Shackled
  1073 | D:2      | Found an ancient bone altar of Kikubaaqudgha.
  1265 | D:2      | Gained mutation: You are afflicted with vampirism and can
                  | become a bat while bloodless. [Vampire growth]
  1265 | D:2      | Reached XP level 3. HP: 15/24 MP: 6/6
  1269 | D:2      | Learned a level 3 spell: Vampiric Draining
  1338 | D:2      | Identified the +2 short sword of Grandeur {antimagic, rPois
                  | SInv}
  1698 | D:2      | Found Ukich's General Store.
  2067 | D:3      | Found a shimmering blue altar of Sif Muna.
  2936 | D:4      | HP: 1/24 [orc/+0 club (1)]
  2937 | D:4      | Slain by an orc priest

Illustrated notes

Levels and vault maps discovered:
D:1:      lightli_arrival_chessboard, layout_loops_ring,
          shapermc_ecumenical_altar_mp_highgroup
D:2:      layout_loops_corners, basic_altar, serial_shops, shop, serial_undead,
          serial_undead_e, serial_undead_e, serial_undead_b, serial_undead_f
D:3:      layout_basic, nicolae_overflow_crystal_walls
D:4:      layout_gridville, grunt_ashenzari_visionary
          [grunt_ashenzari_visionary_swamp, grunt_ashenzari_visionary_spider],
          gammafunk_ghost_cemetery, chequers_arboretum, uniq_natasha,
          uniq_eustachio

Skill      XL: |  1  2 |
---------------+-------+-----
Necromancy     | 5 |  5.3
Fighting       | |  0.1
Short Blades   | |  0.3
Armour         | |  0.2
Dodging        | |  2.4
Stealth        | |  3.4
Spellcasting   | |  2.4

Action                   || total
-------------------------++-------
Melee: Unarmed           ||    32
       Bite              ||     9
       Dagger            ||    20
       Punch             ||     1
       Short sword       ||    36
 Cast: Necrotise         ||    35
 Stab: Sleeping          ||     1
Armor: Robe              ||    11
       Scale mail        ||    24
Dodge: Dodged            ||    61
